 Dungeon Crawl Stone Soup version 0.28-b1-1-g3c77fb2ed1 (webtiles) character file.

Game seed: 5237418646300264318

31 crazypyro the Magician (level 3, -4/23 (25) HPs)
             Began as a Gnoll Wanderer on Jan 29, 2022.
             Slain by a necrophage (7 damage)
             ... on level 2 of the Dungeon.
             The game lasted 00:03:44 (1272 turns).

crazypyro the Magician (Gnoll Wanderer)             Turns: 1272, Time: 00:03:45

HP:   -4/23 (25)    AC:  3    Str:  7    XL:     3   Next: 22%
MP:   1/11          EV: 13    Int: 15    God:
Gold: 47            SH:  0    Dex: 13    Spells: 15/16 levels left

rFire   . . .      SeeInvis .   a - +0 dagger
rCold   . . .      Faith    .   (no shield)
rNeg    . . .      Spirit   .   b - +0 robe
rPois   .          Reflect  .   (no helmet)
rElec   .          Harm     .   (no cloak)
rCorr   .          Rampage  .   c - +0 pair of gloves
Will    .....                   (no boots)
Stlth   +.........              (no amulet)
HPRegen 0.07/turn               (no ring)
MPRegen 0.12/turn               (no ring)

@: drained
A: fangs 1, strong nose, distributed training
a: no special abilities


You were on level 2 of the Dungeon.
You visited 1 branch of the dungeon, and saw 2 of its levels.

You collected 47 gold pieces.

Inventory:

Hand Weapons
 a - a +0 dagger (weapon)
Armour
 b - a +0 robe (worn)
 c - a +0 pair of gloves (worn)
Scrolls
 d - 2 scrolls of noise {unknown}
 f - a scroll of teleportation {unknown}
 h - 3 scrolls of identify {unknown}
 i - a scroll of amnesia {unknown}
Potions
 e - a potion of curing {unknown}
 g - 2 potions of mutation {unknown}
 j - a potion of haste {unknown}


   Skills:
 + Level 0.7 Fighting
 + Level 0.7 Short Blades
 + Level 0.7 Long Blades
 + Level 0.7 Axes
 + Level 0.7 Maces & Flails
 + Level 0.7 Polearms
 + Level 0.7 Staves
 + Level 0.7 Slings
 + Level 0.7 Bows
 + Level 0.7 Crossbows
 + Level 0.7 Throwing
 + Level 2.6 Armour
 + Level 4.5 Dodging
 + Level 0.7 Stealth
 + Level 0.7 Shields
 + Level 0.7 Unarmed Combat
 + Level 7.1 Spellcasting
 + Level 0.5 Conjurations
 + Level 0.5 Hexes
 + Level 0.5 Summonings
 + Level 0.5 Necromancy
 + Level 0.5 Translocations
 + Level 3.7 Transmutations
 + Level 0.5 Fire Magic
 + Level 0.5 Ice Magic
 + Level 2.1 Air Magic
 + Level 0.5 Earth Magic
 + Level 0.5 Poison Magic
 + Level 0.9 Invocations
 + Level 2.6 Evocations


You had 15 spell levels left.
You knew the following spells:

 Your Spells              Type           Power      Damage    Failure   Level
a - Shock                 Conj/Air       36%        1d5       8%          1

Your spell library contained the following spells:

 Spells                   Type           Power      Damage    Failure   Level
 Wereblood                Tmut           16%        N/A       4%          2
 Sting                    Tmut/Pois      44%        1d5       5%          1
 Mephitic Cloud           Conj/Pois/Air  8%         N/A       26%         3
 Petrify                  Tmut/Erth      11%        N/A       47%         4


Dungeon Overview and Level Annotations

Branches:
Dungeon (2/15)

Altars:


Innate Abilities, Weirdness & Mutations

You have very sharp teeth.
Your uncanny sense of smell can sniff out nearby items.
Your experience applies equally to all skills.


Message History

Casting: Shock (safe; 8% risk of failure)
Confirm with . or Enter, or press ? or * to list all spells.
Aiming: Shock (safe; 8% risk of failure)
Press: ? - help, Shift-Dir - straight line, f/p - necrophage
Aim: a necrophage (moderately damaged, 68% to hit)
The zap hits the necrophage.
The necrophage is heavily damaged.
The necrophage barely misses you.
Casting: Shock (safe; 8% risk of failure)
Confirm with . or Enter, or press ? or * to list all spells.
Aiming: Shock (safe; 8% risk of failure)
Press: ? - help, Shift-Dir - straight line, f/p - necrophage
Aim: a necrophage (heavily damaged, 68% to hit)
The zap hits the necrophage.
The necrophage is heavily damaged.
The necrophage hits you.
You feel drained.
Casting: Shock (safe; 8% risk of failure)
Confirm with . or Enter, or press ? or * to list all spells.
Aiming: Shock (safe; 8% risk of failure)
Press: ? - help, Shift-Dir - straight line, f/p - necrophage
Aim: a necrophage (heavily damaged, 68% to hit)
The zap hits the necrophage.
The necrophage is heavily damaged.
The necrophage misses you.
You hit the necrophage.
The necrophage is heavily damaged.
The necrophage hits you.
* * * LOW HITPOINT WARNING * * *
Your magical contamination has completely faded away.
You hit the necrophage but do no damage.
You bite the necrophage, but do no damage.
The necrophage is heavily damaged.
The necrophage misses you.
You closely miss the necrophage.
The necrophage is heavily damaged.
The necrophage misses you.
You hit the necrophage. Your bite misses the necrophage.
The necrophage is heavily damaged.
The necrophage hits you!
You die...

#.# #.# #.# #.# #.# #.#
#.#
#.#####.###############
........@n.............
..#####.##########.####
#.# #.# #.# #.# #.# #.#


You could see a necrophage.

Vanquished Creatures
  A dart slug (D:1)
  An endoplasm (D:1)
  2 giant cockroaches (D:1)
  6 goblins (D:1)
  A hobgoblin (D:1)
  5 kobolds (D:1)
  2 quokkas (D:1)
  4 ball pythons (D:1)
  3 rats (D:1)
25 creatures vanquished.

Notes
Turn   | Place    | Note
-------+----------+-------------------------------------------
     0 | D:1      | crazypyro the Gnoll Wanderer began the quest for the Orb.
     0 | D:1      | crazypyro set off with the following items: a +0 dagger, a
                  | +0 robe, a +0 pair of gloves; and the following spells
                  | available to memorise: Wereblood, Sting, Shock, Mephitic
                  | Cloud, Petrify
     0 | D:1      | Reached XP level 1. HP: 13/13 MP: 8/8
     2 | D:1      | Learned a level 1 spell: Shock
   101 | D:1      | Reached XP level 2. HP: 7/19 MP: 0/10
   575 | D:1      | Found a faded altar of an unknown god.
   848 | D:1      | Reached XP level 3. HP: 25/25 MP: 8/11
  1246 | D:2      | Noticed a necrophage
  1272 | D:2      | Slain by a necrophage

Illustrated notes

Levels and vault maps discovered:
D:1:      dpeg_arrival_orchard, layout_rooms, hellmonk_ecumenical_altar_blasted,
          minmay_misc_feat_iff, fountainhead
D:2:      layout_basic, cheibrodos_gnoll_hut, uniq_terence

Skill      XL: |  1 |
---------------+----+-----
Air Magic      | 2 |  2.1
Fighting       | |  0.7
Short Blades   | |  0.7
Long Blades    | |  0.7
Axes           | |  0.7
Maces & Flails | |  0.7
Polearms       | |  0.7
Staves         | |  0.7
Slings         | |  0.7
Bows           | |  0.7
Crossbows      | |  0.7
Throwing       | |  0.7
Armour         | |  2.6
Dodging        | |  4.5
Stealth        | |  0.7
Shields        | |  0.7
Unarmed Combat | |  0.7
Spellcasting   | |  7.1
Conjurations   | |  0.5
Hexes          | |  0.5
Summonings     | |  0.5
Necromancy     | |  0.5
Translocations | |  0.5
Transmutations | |  3.7
Fire Magic     | |  0.5
Ice Magic      | |  0.5
Earth Magic    | |  0.5
Poison Magic   | |  0.5
Invocations    | |  0.9
Evocations     | |  2.6

Action                   || total
-------------------------++-------
Melee: Dagger            ||     9
       Bite              ||     2
 Cast: Shock             ||    70
Armor: Robe              ||     7
Dodge: Dodged            ||    15
